Map: Bel'Shir Vestige LE (Void)

Players

SpeCial

  • Race: Terran Terran
  • Spawn Location: 5:00

Neeb - Winner!

  • Race: Protoss Protoss
  • Spawn Location: 11:00

Event: WCS Austin 2017

VOD

Have the link to the VOD?

Description

Time

  • Played on: April 30, 2017, 12:38 p.m.
  • Length: 15:10

All games in this series

Show
View Real Time Build Order
Export as new Build Order

SpeCial Terran 

Build Orders: Reaper Expand, MMM Bio 

Get SALT Encoding   

  12  0:00  SCV  
  13  0:12  SCV  
  14  0:17  Supply Depot  
  14  0:25  SCV  
  15  0:29  Refinery  
  15  0:38  SCV  
  16  0:44  Barracks  
  16  0:50  SCV  
  17  1:02  SCV  
  18  1:15  SCV  
  19  1:32  Reaper, Orbital Command  
  20  1:42  Command Center  
  20  1:54  Factory  
  20  1:58  SCV  
  21  2:07  Barracks Reactor  
  21  2:08  Supply Depot  
  21  2:10  SCV  
  22  2:16  Refinery  
  23  2:22  SCV  
  23  2:35  SCV  
  24  2:43  Starport  
  24  2:44  Marine x2  
  23  2:47  Widow Mine, SCV  
  28  2:54  Orbital Command  
  28  3:01  Marine  
  28  3:02  Marine  
  28  3:03  SCV  
  31  3:16  Widow Mine, SCV  
  31  3:19  Marine x2, SCV  
  36  3:24  Viking  
  39  3:28  SCV  
  39  3:32  SCV  
  39  3:33  Supply Depot  
  41  3:37  Marine x2  
  41  3:40  SCV  
  44  3:44  SCV  
  44  3:45  Barracks  
  45  3:54  Barracks  
  45  3:55  SCV  
  46  3:56  SCV  
  46  3:58  Marine x2  
  46  4:01  Factory Tech Lab  
  46  4:02  Starport Tech Lab  
  49  4:07  Supply Depot  
  49  4:08  SCV  
  49  4:09  SCV  
  51  4:19  Marine x2  
  51  4:20  SCV  
  54  4:28  SCV  
  54  4:29  Supply Depot  
  54  4:31  Engineering Bay  
  55  4:32  SCV  
  56  4:40  SCV  
  56  4:41  Marine x2  
  56  4:44  SCV  
  60  4:47  Supply Depot  
  60  4:48  Marine x2  
  60  4:50  Combat Shields, Stimpack  
  60  4:52  Starport Reactor, SCV  
  63  4:56  SCV  
  63  4:57  Factory Reactor  
  63  4:58  Terran Infantry Weapons Level 1  
  64  5:04  SCV  
  64  5:05  Marine x2  
  64  5:06  Marine  
  68  5:09  SCV  
  68  5:12  Supply Depot  
  68  5:17  SCV  
  68  5:19  Marine  
  69  5:23  Marine x3  
  69  5:27  SCV  
  74  5:35  Supply Depot  
  74  5:36  Widow Mine x2  
  74  5:37  Medivac x2  
  74  5:38  Marine  
  74  5:42  Refinery  
  82  5:44  Supply Depot  
  81  5:55  Marine x3  
  84  5:58  Command Center  
  84  6:02  Supply Depot  
  84  6:03  Supply Depot, SCV x2  
  86  6:04  Widow Mine x2  
  86  6:07  Medivac x2, Marauder  
  96  6:13  Marine x2  
  96  6:17  Barracks  
  98  6:19  Barracks  
  98  6:22  Marine  
  98  6:25  SCV x2  
  101  6:27  Supply Depot  
  101  6:28  Marine  
  101  6:30  Marine  
  101  6:32  Refinery  
  103  6:41  Marine  
  103  6:44  SCV x2  
  103  6:47  Widow Mine x2, Marauder x2  
  110  6:48  Medivac, Marine  
  110  6:49  Medivac  
  119  6:59  Marine  
  120  7:03  SCV x2  
  120  7:06  Missile Turret, Marine  
  123  7:11  Terran Infantry Armor Level 1  
  123  7:12  Barracks Reactor, Barracks Tech Lab  
  123  7:15  SCV, Orbital Command  
  125  7:16  Missile Turret  
  125  7:17  Marine  
  125  7:18  Marauder x2  
  125  7:21  Widow Mine  
  131  7:23  Widow Mine  
  131  7:24  Marine  
  131  7:27  Medivac  
  136  7:35  SCV x2  
  136  7:37  Supply Depot  
  133  7:41  Marine, SCV  
  133  7:43  Marauder  
  137  7:46  Marauder x2  
  137  7:49  SCV  
  140  7:54  Widow Mine  
  140  7:58  Widow Mine  
  143  8:03  Marine  
  143  8:04  Marauder  
  126  8:09  Marine x2  
  126  8:10  Marauder x2, Marine  
  126  8:12  Medivac x2  
  114  8:13  SCV x2  
  114  8:14  SCV  
  115  8:20  Armory  
  115  8:23  Widow Mine  
  115  8:25  Marauder, SCV x2  
  115  8:26  Widow Mine, Liberator  
  123  8:31  Marauder  
  123  8:34  Marine x4  
  123  8:37  Liberator  
  128  8:49  Marauder x2  
  128  8:52  Refinery, Marine x2  
  128  8:53  Supply Depot  
  128  8:54  Supply Depot, Missile Turret  
  128  8:55  Marauder, Marine  
  140  8:57  SCV x2  
  140  9:01  Engineering Bay  
  142  9:06  Marine  
  142  9:09  Marine  
  141  9:10  Marauder, Marine x2  
  141  9:15  Supply Depot  
  147  9:17  Marauder  
  142  9:24  Marine  
  142  9:27  Marine x2  
  142  9:28  Liberator x2, Marauder  
  144  9:32  Marauder, Marine  
  150  9:38  Marauder, SCV x2  
  150  9:42  Marine  
  150  9:44  Marine  
  159  9:46  Marine  
  159  9:49  Marauder  
  162  9:53  Terran Infantry Weapons Level 2  
  162  9:56  Marine  
  162  9:57  Marine  
  162  9:59  Marine  
  165  10:00  Marine  
  165  10:02  Marine  
  165  10:06  Marine  
  168  10:11  Marauder  
  170  10:14  Marine x2  
  170  10:18  Marine  
  173  10:22  Supply Depot  
  173  10:23  Supply Depot  
  173  10:26  Liberator  
  173  10:35  Marine  
  173  10:37  Marine x2  
  173  10:38  Liberator, Marauder  
  173  10:39  Marauder x2  
  172  11:00  Marauder  
  172  11:01  Marauder  
  176  11:04  Concussive Shells  
  176  11:06  Marauder, Marine x2  
  176  11:08  Marine  
  176  11:09  Liberator, Marine  
  178  11:11  SCV  
  178  11:12  SCV x2  
  177  11:21  Marauder  
  177  11:22  Marauder  
  177  11:24  SCV  
  177  11:25  Marine  
  179  11:28  Marauder  
  179  11:36  Marine x2  
  179  11:38  Marine  
  147  11:42  Marauder  
  147  11:43  Marauder, Marine  
  130  11:47  Medivac  
  130  11:49  Marauder  
  130  11:53  Marine  
  130  11:54  Marine  
  121  11:55  Marine  
  121  11:59  SCV x2  
  121  12:00  Liberator, SCV  
  121  12:01  Marine  
  116  12:04  Marauder  
  116  12:05  Marauder  
  119  12:09  Medivac  
  119  12:10  Marauder  
  119  12:11  Marine x2, SCV  
  119  12:13  Marine  
  115  12:18  Marine  
  89  12:25  Marauder  
  89  12:26  Marauder  
  89  12:29  Marine x2  
  86  12:31  Marine  
  86  12:32  Marauder  
  86  12:36  Marine  
  78  12:47  Marauder, Marine x2  
  78  12:48  Marauder  
  78  12:49  Marine  
  85  12:53  Marauder  
  85  12:54  Marine  
  88  13:05  Marine x2  
  87  13:14  Medivac  
  89  13:25  Orbital Command  
  89  13:32  Marine x2  
  91  13:51  Marine  
  92  14:05  Marine  
  92  14:06  Marine x4  
  97  14:12  Marine x2  
  99  14:23  Marine x3  
  99  14:24  Marauder, Marine  
  102  14:30  Marauder  
  102  14:35  Marine  
  102  14:41  Widow Mine, Marine  
  102  14:42  Marauder  
  113  14:46  Marauder  
  113  14:51  Marine  
Show
View Real Time Build Order
Export as new Build Order

Neeb Protoss - Winner!

Build Orders: 1 Gate Expand, Oracle Opening, Phoenix Opening 

Get SALT Encoding   

  12  0:00  Probe (Chrono Boost)  
  13  0:11  Probe (Chrono Boost)  
  14  0:18  Pylon  
  14  0:22  Probe (Chrono Boost)  
  15  0:36  Probe (Chrono Boost), Gateway  
  16  0:44  Assimilator  
  16  0:47  Probe (Chrono Boost)  
  17  0:57  Probe (Chrono Boost)  
  18  1:08  Probe (Chrono Boost)  
  19  1:17  Nexus  
  19  1:20  Probe (Chrono Boost)  
  20  1:31  Cybernetics Core  
  20  1:34  Probe (Chrono Boost)  
  21  1:41  Assimilator  
  21  1:44  Probe (Chrono Boost)  
  22  1:50  Pylon  
  22  1:55  Probe (Chrono Boost)  
  23  2:05  Adept  
  23  2:07  Warp Gate  
  23  2:10  Probe (Chrono Boost)  
  27  2:22  Probe (Chrono Boost)  
  27  2:31  Probe (Chrono Boost)  
  27  2:34  Probe (Chrono Boost), Adept  
  27  2:36  Stargate  
  29  2:43  Probe (Chrono Boost)  
  32  2:48  Probe (Chrono Boost)  
  33  2:54  Probe (Chrono Boost)  
  34  2:58  Adept  
  34  3:00  Probe (Chrono Boost)  
  34  3:04  Probe (Chrono Boost)  
  39  3:12  Probe (Chrono Boost)  
  39  3:14  Pylon, Oracle  
  39  3:15  Probe (Chrono Boost)  
  39  3:18  Pylon  
  43  3:23  Probe (Chrono Boost)  
  45  3:27  Probe (Chrono Boost)  
  45  3:30  Pylon  
  46  3:34  Probe (Chrono Boost)  
  46  3:39  Probe (Chrono Boost)  
  47  3:45  Mothership Core (Chrono Boost)  
  49  3:51  Probe (Chrono Boost)  
  49  3:54  Phoenix, Nexus  
  50  3:59  Pylon  
  53  4:03  Probe x2 (Chrono Boost)  
  53  4:08  Pylon  
  54  4:15  Phoenix  
  54  4:17  Probe (Chrono Boost)  
  54  4:19  Probe (Chrono Boost)  
  54  4:24  Assimilator  
  58  4:26  Assimilator  
  58  4:28  Probe (Chrono Boost)  
  57  4:31  Probe (Chrono Boost)  
  57  4:37  Phoenix  
  57  4:38  Probe (Chrono Boost)  
  57  4:43  Probe (Chrono Boost), Gateway x2  
  61  4:49  Probe (Chrono Boost)  
  62  4:55  Probe (Chrono Boost)  
  62  4:59  Phoenix  
  64  5:00  Probe (Chrono Boost)  
  64  5:06  Adept  
  70  5:07  Probe (Chrono Boost)  
  70  5:08  Probe (Chrono Boost)  
  70  5:10  Probe (Chrono Boost)  
  70  5:11  Twilight Council  
  70  5:13  Forge  
  71  5:18  Probe (Chrono Boost)  
  71  5:20  Probe (Chrono Boost), Phoenix  
  71  5:21  Probe (Chrono Boost)  
  74  5:28  Probe (Chrono Boost)  
  73  5:32  Probe (Chrono Boost)  
  73  5:34  Probe (Chrono Boost)  
  73  5:35  Resonating Glaives, Protoss Ground Weapons Level 1  
  75  5:39  Gateway  
  75  5:41  Gateway  
  75  5:42  Phoenix  
  76  5:45  Probe x2 (Chrono Boost)  
  76  5:46  Gateway  
  76  5:48  Pylon  
  79  5:55  Sentry  
  79  5:57  Pylon  
  81  5:58  Pylon  
  81  5:59  Pylon  
  81  6:02  Pylon  
  81  6:05  Phoenix  
  81  6:07  Adept x2  
  87  6:12  Photon Cannon  
  87  6:15  Photon Cannon  
  87  6:21  Adept  
  89  6:26  Phoenix  
  89  6:28  Robotics Facility  
  89  6:30  Adept x2  
  95  6:35  Adept  
  97  6:46  Adept x3  
  101  6:48  Phoenix  
  103  6:59  Photon Cannon  
  97  7:01  Adept x3  
  97  7:04  Probe x3 (Chrono Boost)  
  106  7:14  Phoenix  
  106  7:15  Gateway  
  109  7:16  Observer, Probe x2 (Chrono Boost)  
  109  7:17  Probe (Chrono Boost), Gateway  
  109  7:22  Adept  
  110  7:33  Probe x2 (Chrono Boost)  
  110  7:34  Probe (Chrono Boost)  
  114  7:44  Adept x6  
  114  7:45  Probe (Chrono Boost)  
  126  7:56  Robotics Facility  
  113  8:12  Probe (Chrono Boost)  
  101  8:13  Probe (Chrono Boost)  
  101  8:17  Protoss Ground Armor Level 1  
  101  8:19  Pylon  
  101  8:22  Adept x4  
  101  8:26  Assimilator, Probe (Chrono Boost)  
  112  8:27  Probe x2 (Chrono Boost)  
  112  8:30  Pylon  
  107  8:36  Photon Cannon  
  107  8:37  Probe (Chrono Boost)  
  107  8:39  Probe (Chrono Boost)  
  109  8:44  Probe (Chrono Boost)  
  111  8:48  Probe (Chrono Boost)  
  111  8:50  Warp Prism  
  111  8:51  Adept x7  
  127  9:04  Probe (Chrono Boost)  
  127  9:05  Probe (Chrono Boost)  
  127  9:06  Probe (Chrono Boost)  
  127  9:11  Pylon  
  125  9:22  Warp Prism  
  117  9:32  Adept x8  
  131  9:51  Phoenix  
  131  9:52  Assimilator, Probe (Chrono Boost)  
  132  9:53  Protoss Ground Weapons Level 2  
  132  9:57  Sentry  
  132  9:58  Stalker x2, Adept x4  
  148  10:09  Pylon x2  
  146  10:27  Adept x6  
  146  10:28  Adept x2  
  150  10:44  Observer  
  143  10:50  Adept x8  
  155  11:11  Adept x8  
  144  11:35  Stalker x3  
  144  11:36  Stalker x4  
  144  11:38  Adept  
  116  12:00  Adept x8  
  126  12:16  Protoss Ground Armor Level 2  
  126  12:21  Stalker x7  
  106  12:43  Observer  
  105  12:54  Adept x8  
  105  12:56  Nexus  
  121  13:01  Dark Shrine  
  121  13:05  Observer  
  110  13:14  Adept x8  
  118  13:36  Stalker x6  
  118  13:37  Sentry  
  118  13:38  Sentry  
  134  13:44  Observer  
  134  14:00  Adept x4  
  142  14:38  Adept x4  
  142  14:39  Adept x4  
  142  14:44  Pylon  
  152  15:04  Stalker x6  
Tags
 
Add a new tag
Caveats
  • Supply blocks, unpowered buildings, or Contaminate may cause inaccurate times.
  • Supply counts are checked every 10 seconds.